 Dungeon Crawl Stone Soup version 0.31-a0-162-gc4c5a43528 (console) character file.

Game seed: 6858489147118791919

1971 FullyGoyle the Cleaver (level 9, -1/48 HPs)
             Began as a Gargoyle Fighter on June 13, 2023.
             Was a Follower of Hepliaklqana.
             Slain by a boulder beetle (12 damage)
             ... on level 6 of the Dungeon.
             The game lasted 00:28:05 (6551 turns).

FullyGoyle the Cleaver (Gargoyle Fighter)           Turns: 6551, Time: 00:28:05

Health: -1/48      AC: 21    Str: 26    XL:     9   Next: 20%
Magic:  11/11      EV:  6    Int:  9    God:    Hepliaklqana [*.....]
Gold:   415        SH:  9    Dex: 13    Spells: 8/8 levels left

rFire   . . .        a - +1 war axe
rCold   . . .        i - +0 kite shield
rNeg    + + .        g - +1 plate armour
rPois   ∞            (no helmet)
rElec   +            o - +0 cloak
rCorr   .            (no gloves)
SInv    .            (no boots)
Will    .....        (no amulet) Stlth
                     v - ring of positive energy
HPRegen 0.28/turn    K - +6 ring of strength
MPRegen 0.12/turn

%: no passive effects
@: about to teleport
A: reduced essence, sickness immunity, AC +6, negative energy resistance 1,
electricity resistance, torment resistance 1, petrification resistance
a: Renounce Religion, Recall Ancestor, Ancestor Identity


You were on level 6 of the Dungeon.
You worshipped Hepliaklqana.
Hepliaklqana was aware of your devotion.
You visited 1 branch of the dungeon, and saw 6 of its levels.
You also visited: Ossuary.

You collected 415 gold pieces.

Inventory:

Hand Weapons
 a - a +1 war axe (weapon)
 A - a +0 war axe
 C - a +0 spear
 F - a +1 hand axe of freezing
 I - a +2 whip of freezing
 L - the +6 quarterstaff of Modesty {pain, rF+ Will+ Dex-4}
   (You found it on level 5 of the Dungeon)

   Dex:       It affects your dexterity (-4).
   rF:        It protects you from fire.
   Will:      It increases your willpower.
Missiles
 p - 3 atropa-tipped darts
Armour
 b - a +0 scale mail
 c - a +0 buckler
 g - a +1 plate armour (worn)
 i - a +0 kite shield (worn)
 o - a +0 cloak (worn)
 t - a +2 ring mail of fire resistance
 J - a +2 robe of cold resistance
Jewellery
 v - a ring of positive energy (left hand)
 K - a +6 ring of strength (right hand)
Wands
 y - a wand of roots (5)
 D - a wand of digging (8)
Scrolls
 e - 2 scrolls of silence {unknown}
 k - a scroll of blinking {unknown}
 l - 2 scrolls of teleportation
 n - 3 scrolls of vulnerability {unknown}
 q - a scroll of fear {unknown}
 u - a scroll of identify
 x - 2 scrolls of amnesia {unknown}
 E - 2 scrolls of noise {unknown}
Potions
 d - a potion of might
 f - 4 potions of heal wounds {unknown}
 h - 4 potions of curing {unknown}
 j - 3 potions of resistance {unknown}
 m - 4 potions of haste {unknown}
 r - a potion of mutation {unknown}
 s - a potion of berserk rage {unknown}
 w - 2 potions of enlightenment {unknown}
 z - a potion of brilliance
 G - a potion of invisibility


   Skills:
 * Level 5.3 Fighting
 * Level 8.0 Axes
 * Level 6.2 Armour
 * Level 5.2 Shields
 * Level 3.7 Invocations


You had 8 spell levels left.
You didn't know any spells.
Your spell library contained the following spells:

 Spells                   Type           Power      Damage    Failure   Level
 Apportation              Tloc           0%         N/A       100%        1
 Freeze                   Ice            0%         1d3       100%        1
 Necrotise                Necr           0%         1d4       100%        1
 Summon Small Mammal      Summ           0%         N/A       100%        1
 Wereblood                Tmut           0%         N/A       100%        2
 Frozen Ramparts          Ice            0%         1d1       100%        3
 Hailstorm                Conj/Ice       0%         3d3       100%        3
 Volatile Blastmotes      Fire/Tloc      0%         2d10      100%        3
 Fulminant Prism          Conj/Hex       0%         3d5       100%        4
 Iskenderun's Mystic Bla  Conj/Tloc      0%         2d3       100%        4
 Lee's Rapid Deconstruct  Erth           0%         3d4*      100%        5
 Summon Hydra             Summ           0%         N/A       100%        7
 Sublimation of Blood     Necr           Unusable   N/A       N/A         2

Dungeon Overview and Level Annotations

Branches:
Dungeon (6/15)             Temple (0/1) D:6         Ossuary (visited)

Altars:
Dithmenos
Hepliaklqana
Makhleb
Ru
Sif Muna
Trog
Wu Jian
Xom
Zin

Annotations:
D:4 1 exclusion
D:5 2 transporters, Frosty's ghost, novice TeCj


Innate Abilities, Weirdness & Mutations

Your life essence is reduced to manifest your ancestor. (-10% HP)
You are immune to sickness and miasma.
Your stone body is resilient. (AC +6)
You are immune to poison.
You resist negative energy. (rN+)
You are resistant to electric shocks. (rElec)
You are resistant to unholy torment.
You are immune to petrification.


Message History

The boulder beetle hits Pi!!
The boulder beetle stops rolling and uncurls.
Pi hits the boulder beetle but does no damage.
The boulder beetle completely misses Pi.
Pi hits the boulder beetle but does no damage.
The boulder beetle bites you but does no damage.
Pi hits the boulder beetle but does no damage.
You hit the boulder beetle.
The boulder beetle is moderately wounded.
The boulder beetle bites you.
Pi hits the boulder beetle but does no damage.
The boulder beetle bites you but does no damage.
You slash the boulder beetle!
The boulder beetle is heavily wounded.
Pi hits the boulder beetle.
The boulder beetle completely misses you.
You barely miss the boulder beetle.
The boulder beetle is heavily wounded.
Pi hits the boulder beetle but does no damage.
The boulder beetle completely misses you.
You hit the boulder beetle but do no damage.
The boulder beetle is heavily wounded.
Pi hits the boulder beetle.
The boulder beetle bites you!
Pi hits the boulder beetle.
Press: ? - help, v - describe, . - travel
Here: a boulder beetle (heavily wounded, ally target)
The floor.
You hit the boulder beetle but do no damage.
The boulder beetle is heavily wounded.
The boulder beetle bites you!
* * * LOW HITPOINT WARNING * * *
Pi hits the boulder beetle.
The boulder beetle attacks as you move away!
The boulder beetle barely misses you.
The boulder beetle bites Pi!!
Pi is destroyed!
As you read the scroll of teleportation, it crumbles to dust.
You feel strangely unstable.
The boulder beetle attacks as you move away!
The boulder beetle bites you!
You die...

.# #.........# .#
###.###'### ### )# ### ..#
##.. )# ...# #.. .#######
...# #.######## .......#
.####(#......# .#####.#
##...#......#
...###########...........#
........>......B@..†.....#
###..#####..#######......#
####.....#.## #......#
...........# #......#
..######..## ########
#...## ##..# ###..# ##.#
##.#####.### #.........#


You could see a boulder beetle.

Vanquished Creatures
  Pikel (D:5)
  2 water moccasins (D:4)
  Duvessa (D:5)
  An ogre (D:5)
  3 lemures
  Blork the orc (D:4)
  2 phantoms
  A gnoll sergeant (D:6)
  3 scorpions
  Dowan (D:5)
  A hound (D:5)
  3 iguanas
  Natasha (thrice) (D:3)
  An orc wizard (D:6)
  5 gnolls
  3 adders
  An ufetubus (D:5)
  4 worms
  3 dart slugs
  9 orcs
  8 ball pythons
  7 endoplasms
  3 giant cockroaches
  8 gnoll zombies (Ossuary)
  5 goblins
  7 hobgoblins
  6 jackals
  4 kobolds
  8 quokkas
  2 bats
  A bat simulacrum (Ossuary)
  7 frilled lizards
  5 goblin zombies (Ossuary)
  2 hobgoblin zombies (Ossuary)
  A kobold simulacrum (Ossuary)
  2 kobold zombies (Ossuary)
  10 rats
  2 rat simulacra (Ossuary)
  A spectral goblin (Ossuary)
  A spectral kobold (Ossuary)
  A spectral rat (Ossuary)
140 creatures vanquished.

Vanquished Creatures (collateral kills)
  A lemure (D:4)
  2 iguanas
  A sleepcap (D:5)
  An orc wizard (D:4)
  A mummy (Ossuary)
  4 gnolls
  An adder (D:6)
  3 orcs
  6 spectral bats (Ossuary)
  An endoplasm (D:4)
  A giant cockroach (D:4)
  4 gnoll zombies (Ossuary)
  A goblin (D:3)
  A jackal (D:5)
  2 bat simulacra (Ossuary)
  2 goblin simulacra (Ossuary)
  A goblin zombie (Ossuary)
  2 hobgoblin zombies (Ossuary)
  A kobold (D:4)
  A kobold simulacrum (Ossuary)
  2 kobold zombies (Ossuary)
  4 orc zombies (Ossuary)
  2 rat simulacra (Ossuary)
  2 spectral goblins (Ossuary)
  A spectral kobold (Ossuary)
  2 spectral rats (Ossuary)
50 creatures vanquished.

Vanquished Creatures (others)
  7 ancestors
7 creatures vanquished.

Grand Total: 197 creatures vanquished

Notes
Turn   | Place    | Note
-------+----------+-------------------------------------------
     0 | D:1      | FullyGoyle the Gargoyle Fighter began the quest for the
                  | Orb.
     0 | D:1      | Reached XP level 1. HP: 14/14 MP: 1/1
    56 | D:1      | Found a faded altar of an unknown god.
    63 | D:1      | Reached skill level 2 in Axes
   155 | D:1      | Reached XP level 2. HP: 19/19 MP: 2/2
   276 | D:1      | Reached skill level 3 in Axes
   348 | D:1      | Reached XP level 3. HP: 23/23 MP: 3/3
   945 | D:2      | Reached XP level 4. HP: 28/28 MP: 4/4
  1105 | D:2      | Found a hazy altar of Hepliaklqana.
  1114 | D:2      | Became a worshipper of Hepliaklqana the Forgotten
  1164 | D:2      | Reached skill level 4 in Axes
  1349 | D:3      | Found a shimmering altar of Xom.
  1354 | D:3      | Noticed Natasha
  1377 | D:3      | Killed Natasha
  1493 | D:3      | Noticed Natasha
  1794 | D:3      | Reached XP level 5. HP: 32/32 MP: 5/5
  1964 | D:3      | Killed Natasha
  1971 | D:3      | Noticed Natasha
  1982 | D:3      | Killed Natasha
  2059 | D:3      | Reached * piety under Hepliaklqana
  2579 | D:4      | Found a shimmering blue altar of Sif Muna.
  2642 | D:4      | Found a sand-covered staircase.
  2676 | Ossuary  | Entered an ossuary
  2946 | Ossuary  | Reached XP level 6. HP: 33/33 MP: 6/6
  3178 | Ossuary  | Reached skill level 5 in Axes
  3416 | D:4      | Reached skill level 1 in Invocations
  3949 | D:5      | Entered Level 5 of the Dungeon
  3966 | D:4      | Reached XP level 7. HP: 37/37 MP: 6/8
  3988 | D:5      | Noticed Pikel
  4042 | D:5      | Noticed Frosty's ghost (novice TeCj)
  4042 | D:5      | Found a transporter.
  4059 | D:5      | Reached skill level 6 in Axes
  4200 | D:5      | Noticed Blork the orc
  4220 | D:4      | Killed Blork the orc
  4221 | D:4      | Reached XP level 8. HP: 34/43 MP: 6/9
  4282 | D:5      | Found a burning altar of Makhleb.
  4346 | D:5      | Found a transporter.
  4897 | D:5      | Noticed Dowan
  4961 | D:5      | Killed Pikel
  4962 | D:5      | Reached skill level 5 in Fighting
  4962 | D:5      | Reached skill level 7 in Axes
  4962 | D:5      | Reached skill level 5 in Armour
  5209 | D:5      | Noticed Duvessa
  5227 | D:5      | Killed Duvessa
  5228 | D:5      | Reached skill level 5 in Shields
  5359 | D:5      | Identified the +6 quarterstaff of Modesty {pain, rF+ Will+
                  | Dex-4}
  5428 | D:5      | Killed Dowan
  5429 | D:5      | Reached XP level 9. HP: 25/48 MP: 11/11
  5547 | D:5      | Found a burning altar of Makhleb.
  5600 | D:5      | Found a transporter.
  5605 | D:5      | Found a transporter.
  5980 | D:6      | Found a staircase to the Ecumenical Temple.
  6004 | D:6      | Found a sacrificial altar of Ru.
  6238 | D:6      | Found a bloodstained altar of Trog.
  6244 | D:6      | Found an ornate altar of the Wu Jian Council.
  6247 | D:6      | Found a glowing silver altar of Zin.
  6252 | D:6      | Found a hazy altar of Hepliaklqana.
  6258 | D:6      | Found a shadowy altar of Dithmenos.
  6345 | D:6      | Noticed a boulder beetle
  6515 | D:6      | Reached skill level 8 in Axes
  6551 | D:6      | Slain by a boulder beetle

Illustrated notes

Levels and vault maps discovered:
D:1:      evilmike_arrival_plus, layout_basic,
          hellmonk_ecumenical_altar_inner_sanctum, minmay_circled_x
D:2:      layout_basic, basic_altar, minmay_hexomino_c4
D:3:      layout_loops_corners, mainiacjoe_overflow_tiny_flanked, uniq_natasha
D:4:      layout_loops_ring, led_sif_book, enter_ossuary_3,
          corexii_item_surrounded_by_moat
D:5:      layout_rooms, marbit_many_paths, gammafunk_ghost_stat_death,
          uniq_pikel, uniq_blork_the_orc, uniq_duvessa
D:6:      layout_rooms, nicolae_qazlal_style_of_elements,
          lemuel_coloured_pillars_altar, nicolae_overflow_hallway_of_the_gods,
          minmay_temple_entry_glassed_door, minmay_three_doors

Skill      XL: |  1  2  3  4  5  6  7  8  9 |
---------------+----------------------------+-----
Axes           | 2 3 4 5 6 7 8 |  8.0
Armour         | 4 5 6 |  6.2
Invocations    | 1 2 3 |  3.7
Fighting       | 4 5 |  5.3
Shields        | 4 5 |  5.2

Action                     |  1- 3 |  4- 6 |  7- 9 || total
---------------------------+-------+-------+-------++-------
  Melee: War axe           |    98 |   209 |   179 ||   486
 Invoke: Recall Ancestor   |       |     4 |     6 ||    10
         Ancestor Identity |       |     1 |       ||     1
    Use: Scroll            |       |       |    11 ||    11
   Stab: Distracted        |       |       |     2 ||     2
 Armour: Scale mail        |    30 |       |       ||    30
         Plate armour      |    31 |   172 |   117 ||   320
  Dodge: Dodged            |    28 |    41 |    39 ||   108
  Block: Buckler           |    14 |     3 |       ||    17
         Kite shield       |       |    90 |    76 ||   166

Table legend: (Time is in decaauts)
 A = Elapsed time spent in this place.
 B = Non-inter-level travel time spent in this place.
 C = Inter-level travel time spent in this place.
 D = Time resting spent in this place.
 E = Time spent auto-exploring this place.
 F = Levels seen in this place.
 G = Mean time per level.
                   A        B        C        D        E       F      G
               +--------+--------+--------+--------+--------+-----+--------+
         Total |   6759 |   6205 |    554 |    717 |   3004 |   7 |  965.6 |
       Dungeon |   6179 |   5625 |    554 |    652 |   3004 |   6 | 1029.8 |
       Ossuary |    579 |    579 |      0 |     65 |      0 |   1 |  579.0 |
               +--------+--------+--------+--------+--------+-----+--------+

Top non-repeatable levels by time:
     D:4: 1632 daAuts
     D:5: 1426 daAuts
     D:3: 1157 daAuts
     D:1: 743 daAuts
     D:2: 713 daAuts
 Ossuary: 579 daAuts
     D:6: 507 daAuts
